 Dungeon Crawl Stone Soup version 0.31-a0-889-g1a8549509d (webtiles) character file.

Game seed: 689076672764723005

3700 p00ps00p the Cleaver (level 10, 0/91 HPs)
             Began as a Hill Orc Fighter on Oct 16, 2023.
             Was an Initiate of Gozag.
             Slain by a troll (5 damage)
             ... led by the wrath of Beogh
             ... on level 6 of the Dungeon.
             The game lasted 00:20:02 (7616 turns).

p00ps00p the Cleaver (Hill Orc Fighter)             Turns: 7616, Time: 00:20:02

Health: 0/91       AC: 17    Str: 24    XL:     10   Next: 13%
Magic:  10/10      EV:  8    Int: 14    God:    Gozag
Gold:   458        SH:  0    Dex: 10    Spells: 9/9 levels left

rFire   . . .        f - +3 hand axe (heavy)
rCold   + . .        h - +0 kite shield {AC+3}
rNeg    . . .        q - +1 chain mail {rC+}
rPois   .            (no helmet)
rElec   .            (no cloak)
rCorr   +            c - +0 pair of gloves
SInv    .            j - +0 pair of boots
Will    .....        (no amulet) Stlth
                     o - ring of resist corrosion
HPRegen 0.35/turn    u - +6 ring of intelligence
MPRegen 0.12/turn

%: no passive effects
@: confused, ambrosia-drunk
A: no striking features
a: Renounce Religion, Potion Petition, Call Merchant, Bribe Branch


You were on level 6 of the Dungeon.
You worshipped Gozag.
Gozag was aware of your devotion.
You visited 2 branches of the dungeon, and saw 8 of its levels.

You collected 792 gold pieces.
You spent 207 gold pieces at shops.
You paid 127 gold pieces to Gozag.

Inventory:

Hand Weapons
 a - a +0 war axe
 f - a +3 heavy hand axe (weapon)
 n - a +1 war axe of flaming
 x - a +3 hand axe of freezing
Missiles
 g - 5 poisoned darts
 B - 2 throwing nets
 G - a curare-tipped dart
Armour
 c - a +0 pair of gloves (worn)
 h - a +0 kite shield of protection (worn)
 j - a +0 pair of boots (worn)
 m - an orb of wrath
 q - a +1 chain mail of cold resistance (worn)
 s - an orb of mayhem
Jewellery
 o - a ring of resist corrosion (left hand)
 u - a +6 ring of intelligence (right hand)
 y - a ring of flight
 D - a ring of ice
Wands
 b - a wand of flame (22)
 E - a wand of polymorph (3)
Scrolls
 i - a scroll of teleportation
Potions
 d - 2 potions of might
 e - a potion of mutation
 k - a potion of magic
 l - a potion of ambrosia
 p - a potion of enlightenment
 t - a potion of berserk rage {unknown}
 v - a potion of degeneration
 z - 3 potions of attraction


   Skills:
 + Level 9.3 Fighting
 + Level 9.6 Axes
 + Level 8.5 Armour
 + Level 8.5 Shields


You had 9 spell levels left.
You didn't know any spells.
Your spell library contained the following spells:

 Spells                   Type           Power      Damage    Failure   Level
 Summon Small Mammal      Summ           0%         N/A       94%         1
 Call Canine Familiar     Summ           0%         N/A       100%        3
 Summon Guardian Golem    Hex/Summ       0%         N/A       100%        3
 Volatile Blastmotes      Fire/Tloc      0%         2d10      100%        3
 Anguish                  Hex/Necr       0%         N/A       100%        4
 Cause Fear               Hex            0%         N/A       100%        4
 Fulminant Prism          Conj/Hex       0%         3d5       100%        4
 Iskenderun's Mystic Bla  Conj/Tloc      0%         2d3       100%        4
 Enfeeble                 Hex            0%         N/A       100%        7


Dungeon Overview and Level Annotations

Branches:
Dungeon (7/15)             Temple (1/1) D:6

Altars:
Dithmenos
Elyvilon
Gozag
Hepliaklqana
Kikubaaqudgha
Okawaru
Qazlal
Ru
Sif Muna
Trog
Uskayaw
Vehumet
Xom
The Shining One

Shops:
D:3 [   D:4 **


Message History

You slash the troll! You block the warg's attack. You block the troll's attack.
The troll closely misses you. x2; The warg bites you but does no damage.
You barely miss the warg.
The warg is heavily wounded.
You hit the troll. The warg bites you! You block the troll's attack. x3
You closely miss the warg.
The warg is heavily wounded.
You slash the troll! The warg bites you.
* * * LOW HITPOINT WARNING * * *
You block the troll's attack. The troll claws you but does no damage.
You block the troll's attack. The warg completely misses you.
You hit the warg.
The warg is severely wounded.
You barely miss the troll. The troll bites you but does no damage.
The troll claws you but does no damage. The troll claws you.
* * * LOW HITPOINT WARNING * * *
The warg bites you but does no damage. The troll bites you!
* * * LOW HITPOINT WARNING * * *
The troll barely misses you. The troll claws you!
* * * LOW HITPOINT WARNING * * *
The warg bites you.
* * * LOW HITPOINT WARNING * * *
You feel better. The warg barely misses you. You block the troll's attack. x3
You closely miss the troll.
The troll is severely wounded.
You closely miss the warg. You block the warg's attack.
The troll bites you but does no damage. The troll claws you but does no damage.
The troll claws you!
* * * LOW HITPOINT WARNING * * *
The warg closely misses you.
You barely miss the troll.
The troll is severely wounded.
You slash the warg! You block the warg's attack. You block the troll's attack.
The troll claws you but does no damage. The troll claws you!
* * * LOW HITPOINT WARNING * * *
You are confused.
You feel invigorated. The warg bites you but does no damage.
The troll bites you.
You die...
Your body crumbles into a pile of gold.

..##.# #)# ##>#########.## ##.
.....# #.# ##...## #.# #.
#.##.###.# #.###.# #.# #.
#........# #.# #.# ##'## #.
####.##### #.###.# ##...## ## ##
#.# ####...## ##.....## #. .###.#
#.....## ##.......## #.
..##)#####....<.####.........###.
...))........>.h@..'.....#888#...
..##[##........T####.....8...8##.
.###.##.........# ##....8.>.8###
#.....#.........# ##...8...8#
#.#...####...##### ##..#8.8##
#.#...# #.......# ##'...##
#.#...# #...###.# #.#### ))....#
##..# #.# #.# #.#.###
#..###.#######.########


You could see a troll and a warg.

Vanquished Creatures
  Grinder (D:3)
  Eustachio (D:4)
  A wyvern (D:7)
  Edmund (D:5)
  A water moccasin (D:4)
  2 ice beasts
  3 black bears
  An ogre (D:6)
  2 centaurs
  6 phantoms
  2 kobold brigands (D:7)
  A bullfrog (D:6)
  3 scorpions
  14 wights
  5 killer bees (D:7)
  A gnoll bouda (D:5)
  An orc priest (D:7)
  A hound (D:5)
  5 iguanas
  A jelly (D:4)
  A sleepcap (D:7)
  Jessica (D:3)
  Ijyb (D:4)
  16 gnolls
  8 adders
  2 white imps
  2 ufetubi (D:6)
  A worm (D:5)
  13 orcs
  9 ball pythons
  9 endoplasms
  4 giant cockroaches
  10 hobgoblins
  4 jackals (D:2)
  12 kobolds
  7 quokkas
  5 bats
  5 frilled lizards
  4 goblins
  5 rats
172 creatures vanquished.

Vanquished Creatures (others)
  An orc priest (D:3)
  A ball python (D:3)
2 creatures vanquished.

Grand Total: 174 creatures vanquished

Notes
Turn   | Place    | Note
-------+----------+-------------------------------------------
     0 | D:1      | p00ps00p the Hill Orc Fighter began the quest for the Orb.
     0 | D:1      | Reached XP level 1. HP: 19/19 MP: 1/1
   145 | D:1      | Reached XP level 2. HP: 27/27 MP: 2/2
   661 | D:2      | Reached XP level 3. HP: 33/33 MP: 3/3
  1183 | D:2      | Reached XP level 4. HP: 36/40 MP: 4/4
  1382 | D:3      | Noticed Grinder
  1382 | D:3      | Paralysed by Grinder for 3 turns
  1388 | D:3      | Became a worshipper of Beogh the Brigand
  1399 | D:3      | Paralysed by Grinder for 4 turns
  1414 | D:3      | Paralysed by Grinder for 4 turns
  1718 | D:3      | Found Ugaplug's Armour Boutique.
  1781 | D:3      | Killed Grinder
  1782 | D:3      | Reached XP level 5. HP: 44/47 MP: 5/5
  2079 | D:3      | Noticed Jessica
  2083 | D:3      | Killed Jessica
  2325 | D:4      | Noticed a phantom
  2332 | D:4      | Killed a phantom
  2333 | D:4      | Reached skill level 5 in Fighting
  2333 | D:4      | Reached XP level 6. HP: 54/56 MP: 6/6
  2461 | D:4      | Found Reoskir's Lightly-Used Armoury.
  2463 | D:4      | Noticed Ijyb
  2479 | D:4      | Killed Ijyb
  2480 | D:4      | Reached skill level 5 in Axes
  2480 | D:4      | Reached skill level 5 in Armour
  2744 | D:4      | Reached * piety under Beogh
  2745 | D:4      | Reached skill level 5 in Shields
  2843 | D:4      | Reached XP level 7. HP: 61/61 MP: 7/7
  2977 | D:4      | Noticed Eustachio
  2984 | D:4      | Killed Eustachio
  3001 | D:4      | Found Usozit's Serpentskin Sales.
  3605 | D:3      | Bought a +0 kite shield of protection for 149 gold pieces
  3616 | D:3      | Bought a +0 pair of gloves for 58 gold pieces
  3677 | D:5      | Identified the of Morhiv
  3677 | D:5      | Entered Level 5 of the Dungeon
  3792 | D:5      | Reached XP level 8. HP: 70/70 MP: 8/8
  3833 | D:5      | Found an iron altar of Okawaru.
  3904 | D:5      | Noticed Edmund
  3916 | D:5      | Killed Edmund
  4122 | D:5      | Found a shadowy altar of Dithmenos.
  4284 | D:5      | Found a radiant altar of Vehumet.
  4673 | D:5      | Found a shimmering altar of Xom.
  4919 | D:5      | Found a bloodstained altar of Trog.
  5002 | D:6      | Reached ** piety under Beogh
  5202 | D:6      | Reached XP level 9. HP: 74/79 MP: 9/9
  5857 | D:6      | Found a staircase to the Ecumenical Temple.
  5949 | Temple   | Entered the Ecumenical Temple
  5979 | Temple   | Fell from the grace of Beogh
  5979 | Temple   | Became a worshipper of Gozag Ym Sagoz the Greedy
  7157 | D:7      | Reached XP level 10. HP: 83/90 MP: 10/10
  7251 | D:7      | Noticed Gorg
  7615 | D:6      | HP: 1/91 [troll[the wrath of Beogh] (7)]
  7616 | D:6      | Slain by a troll

Illustrated notes

Levels and vault maps discovered:
D:1:      roadster_arrival_rocket_small, layout_rooms
D:2:      layout_basic
D:3:      layout_basic, serial_shops, nicolae_shop_statue_plus,
          kennysheep_generic_room_4, uniq_grinder, uniq_jessica
D:4:      layout_loops_cross, minmay_shop_damaged, guppyfry_shop_venom,
          uniq_ijyb, uniq_eustachio
D:5:      layout_basic, okawaru_gym_becter, nicolae_dithmenos_the_darkroom,
          trog_book, mainiacjoe_overflow_alcove_1,
          nicolae_overflow_crystal_walls, uniq_edmund
D:6:      black_bear_nest_1, layout_loops_corners, minmay_temple_entry_statues,
          hangedman_decor_clover_reticule
D:7:      layout_cave_pods, mainiacjoe_overflow_alcove_2,
          mainiacjoe_overflow_small_starburst
Temple:   hellmonk_temple_forest_ring

Skill      XL: |  1  2  3  4  5  6  7  8  9 |
---------------+----------------------------+-----
Axes           | 3 4 5 6 7 9 |  9.6
Fighting       | 4 5 6 7 9 |  9.3
Armour         | 4 5 7 8 |  8.5
Shields        | 4 5 6 8 |  8.5

Action                     |  1- 3 |  4- 6 |  7- 9 | 10-12 || total
---------------------------+-------+-------+-------+-------++-------
  Melee: War axe           |   103 |    30 |       |       ||   133
         Hand axe          |       |    45 |   252 |    37 ||   334
 Invoke: Convert to Beogh  |       |     1 |       |       ||     1
    Use: Scroll            |     3 |     3 |    10 |     4 ||    20
         Potion            |       |     4 |       |     3 ||     7
 Armour: Scale mail        |    40 |       |       |       ||    40
         Chain mail        |    32 |    78 |   279 |   102 ||   491
  Dodge: Dodged            |    48 |    38 |   132 |    42 ||   260
  Block: Buckler           |    21 |     1 |       |       ||    22
         Kite shield       |       |       |   150 |    63 ||   213

Table legend: (Time is in decaauts)
 A = Elapsed time spent in this place.
 B = Non-inter-level travel time spent in this place.
 C = Inter-level travel time spent in this place.
 D = Time resting spent in this place.
 E = Time spent auto-exploring this place.
 F = Levels seen in this place.
 G = Mean time per level.
                   A        B        C        D        E       F      G
               +--------+--------+--------+--------+--------+-----+--------+
         Total |   7974 |   7637 |    337 |   1763 |   4342 |   8 |  996.8 |
       Dungeon |   7928 |   7626 |    302 |   1763 |   4342 |   7 | 1132.6 |
        Temple |     45 |     10 |     35 |      0 |      0 |   1 |   45.0 |
               +--------+--------+--------+--------+--------+-----+--------+

Top non-repeatable levels by time:
     D:6: 2159 daAuts
     D:4: 1373 daAuts
     D:5: 1341 daAuts
     D:2: 1034 daAuts
     D:3: 838 daAuts
     D:1: 671 daAuts
     D:7: 510 daAuts
  Temple: 45 daAuts
